[Event "*** Titled Tuesday Blitz"]
[Site "Chess.com"]
[Date "2020.03.03"]
[Round "5"]
[White "Hubbery"]
[Black "Chessalary"]
[Result "1/2-1/2"]
[WhiteElo "2551"]
[BlackElo "2294"]
[TimeControl "180+1"]
[EndTime "13:51:39 PST"]
[Termination "Game drawn by agreement"]

1. d4 e6 2. c4 c5 3. d5 exd5 4. cxd5 d6 5. Nc3 Nf6 6. e4 g6 7.
f4 Bg7 8. Bb5+ Nfd7 9. Bd3 O-O 10. Nf3 a6 11. a4 Re8 12. O-O Nf6 13. f5 c4 14. Bc2 Nbd7 15. Bf4 Nh5 16. Be3 Ne5 17.
Nxe5 Bxe5 18. Bd4 Qg5 19. Bxe5 Rxe5 20. Qc1 Qg4 21. Bd1 Qh4 22. Bxh5 Qxh5 23. fxg6 Qxg6 24.
Qf4 Rg5 25. Rf2 Bh3 26. g3 Re8 27. a5 f5 28. Re1 Rg4 29. Qf3 f4 30. Kh1 fxg3 31.
hxg3 Rxg3 32. Qxg3 Qxg3 33. Rg1 Qxg1+ 34. Kxg1 Kg7 35.
Kh2 Bg4 1/2-1/2

[Event "*** Titled Tuesday Blitz"]
[Site "Chess.com"]
[Date "2020.03.03"]
[Round "5"]
[White "xamax2000"]
[Black "jefferyx"]
[Result "0-1"]
[WhiteElo "2675"]
[BlackElo "2945"]
[TimeControl "180+1"]
[EndTime "13:51:41 PST"]
[Termination "jefferyx won by resignation"]

1. c4 g6 2. Nc3 c5 3. g3 Bg7 4. Bg2 Nc6 5. b3 Nf6 6. Bb2 O-O 7. e3 e6 8. Nge2 d5 9. O-O d4 10. Na4 Nd7 11. Bxc6 bxc6 12. exd4 cxd4 13. Nxd4 Bb7 14. c5 Ne5 15. Qe2 Qd5 16. f4 Nd7 17. Qc4 Qh5 18. Bc3 a5 19. Nb6 Ba6 20. Qa4 Nxc5 21. Qxc6 Rad8 22.
Nf3 Bb7 23. Qc7 Bxf3 24. Bxg7 Rxd2 25. Rf2 Rxf2 26. Kxf2 Kxg7 27. h4 Ne4+ 28. Ke3 Nxg3 29. Qc3+ f6 30. Nd7 Rf7 31. Qc8 Bd5 32. Kd2 Qe2+ 33.
Kc3 Ne4+ 0-1

[Event "*** Titled Tuesday Blitz"]
[Site "Chess.com"]
[Date "2020.03.03"]
[Round "5"]
[White "TigrVShlyape"]
[Black "BeanScreen"]
[Result "1-0"]
[WhiteElo "2890"]
[BlackElo "2649"]
[TimeControl "180+1"]
[EndTime "13:51:41 PST"]
[Termination "TigrVShlyape won by resignation"]

1. d4 d5 2. Nf3 Nf6 3. Bf4 c5 4. e3 Nc6 5. Nbd2 e6 6. c3 Bd6 7. Bg3 Bxg3 8. hxg3 Qd6 9. Bb5 Bd7 10. Bxc6 bxc6 11. Qa4 cxd4 12. cxd4 c5 13. Qa3 O-O 14. Rc1 Rfc8 15. dxc5 Qc7 16. Qc3 a5 17. b3 Rab8 18. O-O Rb5 19. c6 Be8 20. Ne5 Rb6 21. Rc2 Rb4 22. Rfc1 Ne4 23. Nxe4 Rxe4 24. Nf3 Rb4 25. Qc5 h6 26. Nd4 Rcb8 27. a3 R4b6 28. Qxa5 e5 29. Nb5 Qc8 30. c7 Rxb5 31. cxb8=Q Qxb8 32. Qc7 Qxc7 33. Rxc7 Rxb3 34. Re7 Kf8 35. Rxe5 f6 36. Rxd5 Rxa3 37. Rc7 Ra1+ 38. Kh2 Ra2 39. Rd8 Ra5 40. g4 Re5 41. Kg3 h5 42. gxh5 Rxh5 43. f4 Rh8 44. e4 Rg8 45. Kf3 g5 46. f5 g4+ 47. Kg3 Rh8 48.
Rxe8+ 1-0

[Event "*** Titled Tuesday Blitz"]
[Site "Chess.com"]
[Date "2020.03.03"]
[Round "5"]
[White "ChesterF"]
[Black "Galiev_Azat"]
[Result "1-0"]
[WhiteElo "2423"]
[BlackElo "2270"]
[TimeControl "180+1"]
[EndTime "13:51:45 PST"]
[Termination "ChesterF won on time"]

1. d4 Nf6 2. c4 e6 3. Nc3 Bb4 4. a3 Bxc3+ 5. bxc3 b6 6. f3 c5 7. e4 d6 8. d5 e5 9. Bd3 O-O 10.
Ne2 Nbd7 11. O-O Re8 12. Ng3 Nf8 13. f4 exf4 14. Bxf4 h6 15. Nf5 Bxf5 16. exf5 Ne4 17. Qc2 Ng5 18. a4 Qf6 19. a5 Nd7 20. Rfb1 Qe7 21.
Bf1 f6 22. Re1 Qf7 23. Re6 Ne5 24. Rxe8+ Rxe8 25. Qa4 1-0

[Event "*** Titled Tuesday Blitz"]
[Site "Chess.com"]
[Date "2020.03.03"]
[Round "5"]
[White "enzovsky"]
[Black "IngOscarArdila"]
[Result "0-1"]
[WhiteElo "2313"]
[BlackElo "2135"]
[TimeControl "180+1"]
[EndTime "13:51:46 PST"]
[Termination "IngOscarArdila won by resignation"]

1. Nf3 Nf6 2. c4 g6 3. Nc3 Bg7 4. e4 d6 5. d4 O-O 6. h3 e5 7. Be2 exd4 8. Nxd4 Re8 9. f3 Nbd7 10. O-O Nc5 11. Be3 Ne6 12. Bf2 Nh5 13. Re1 Nhf4 14. Bf1 Qg5 15. Kh2 Be5 16. g3 Nh5 17. Nde2 f5 18. Nd5 fxe4 19. f4 Nhxf4 20. gxf4 Nxf4 21.
Nexf4 c6 22. h4 Qh6 23. Bg3 cxd5 24. Qxd5+ Be6 25. Qxe4 Bf5 26. Qd5+ Kh8 27. Ng2 Be6 28. Bxe5+ dxe5 29. Qxe5+ Kg8 30. Qg5 Qg7 31. Nf4 Bf5 32.
Bg2 Qxb2 33. Kh1 Rac8 34. Bd5+ Kh8 35. Qf6+ Qxf6 0-1

[Event "*** Titled Tuesday Blitz"]
[Site "Chess.com"]
[Date "2020.03.03"]
[Round "5"]
[White "newauto"]
[Black "Mbneu"]
[Result "1-0"]
[WhiteElo "2020"]
[BlackElo "2204"]
[TimeControl "180+1"]
[EndTime "13:51:48 PST"]
[Termination "newauto won by resignation"]

1. e4 c5 2. Nf3 Nf6 3. e5 Nd5 4. c3 d6 5. exd6 e6 6. d4 cxd4 7. Nxd4 Bxd6 8. Be2 O-O 9. O-O b6 10. Bf3 Ba6 11. Re1 Nd7 12. Nd2 Ne5 13. Rxe5 Bxe5 14. Nc6 Bxh2+ 15. Kxh2 Qd6+ 16. Kg1 Qxc6 17. Qb3 Qd7 18.
c4 Nf4 19. Bxa8 Rxa8 20. Nf3 Ne2+ 21. Kf1 Nxc1 22. Rxc1 Rc8 23. Kg1 h6 24. Ne5 Qd4 25.
Re1 Bxc4 26. Qf3 f6 27. Qb7 Rf8 28. Nxc4 Qxc4 29. Qxa7 b5 30. Rd1 Rc8 31. Rd7 Qc1+ 32. Kh2 Qf4+ 33. g3 Qxf2+ 34. Qxf2 1-0

[Event "*** Titled Tuesday Blitz"]
[Site "Chess.com"]
[Date "2020.03.03"]
[Round "5"]
[White "aa175"]
[Black "diskeleven"]
[Result "1-0"]
[WhiteElo "2262"]
[BlackElo "2353"]
[TimeControl "180+1"]
[EndTime "13:51:49 PST"]
[Termination "aa175 won by resignation"]

1. d4 f5 2. c4 e6 3. Nc3 Nf6 4.
Nf3 Bb4 5. e3 O-O 6. Bd3 b6 7.
Qc2 Bb7 8. a3 Bxc3+ 9. bxc3 Be4 10. Bxe4 Nxe4 11. Nd2 Qh4 12. Nxe4 fxe4 13. O-O Nc6 14.
Bd2 Rf6 15. f3 exf3 16. Rxf3 Rxf3 17. gxf3 Rf8 18. Rf1 Qh3 19. Qe4 Rf6 20. f4 Rg6+ 21. Kf2 Qxh2+ 22. Ke1 Rg2 23. Qd3 Na5 24. f5 Nxc4 25.
Qxc4 Rxd2 26. fxe6 d5 27. e7 h6 28. Qxd5+ Kh7 29. Qf5+ g6 30. Qf7+ 1-0

[Event "*** Titled Tuesday Blitz"]
[Site "Chess.com"]
[Date "2020.03.03"]
[Round "5"]
[White "mohssenbinaddi"]
[Black "ChainsOfFantasia"]
[Result "0-1"]
[WhiteElo "2200"]
[BlackElo "2547"]
[TimeControl "180+1"]
[EndTime "13:51:50 PST"]
[Termination "ChainsOfFantasia won by resignation"]

1. e4 e6 2. Nf3 d5 3. Nc3 Nf6 4. e5 Nfd7 5. d4 c5 6. Ne2 cxd4 7. Nexd4 Nc6 8. Bf4 Qb6 9. Nxc6 bxc6 10. Qc1 Rb8 11. Be3 Qxb2 12. Bxa7 Bb4+ 13. Kd1 Qxc1+ 14. Rxc1 Ra8 15.
Rb1 c5 16. a3 Bxa3 17. Bb6 Rb8 18. Bb5 O-O 19. Bc7 Rb7 20. Bd6 Rd8 21. Kd2 Bb4+ 22.
c3 Rxb5 23. cxb4 cxb4 24. Rxb4 Rxb4 25. Bxb4 f6 26. Bd6 Nb6 27. Bc7 Nc4+ 28. Kc3 Rd7 29. Bb8 Rb7 30. Bd6 Rb6 31. Bc5 Rc6 32. Kb4 fxe5 33.
Ra1 h6 34. Ra8 Kh7 35. Ra7 e4 36. Nd4 Ne5 37. Re7 Nd3+ 38. Kb5 Rxc5+ 0-1

[Event "*** Titled Tuesday Blitz"]
[Site "Chess.com"]
[Date "2020.03.03"]
[Round "5"]
[White "moro182"]
[Black "GMWSO"]
[Result "0-1"]
[WhiteElo "2704"]
[BlackElo "3112"]
[TimeControl "180+1"]
[EndTime "13:51:51 PST"]
[Termination "GMWSO won by resignation"]

1. d4 Nf6 2. c4 e6 3. Nc3 Bb4 4. Nf3 c5 5. e3 Nc6 6. Bd3 Bxc3+ 7. bxc3 d6 8. O-O e5 9. Bc2 h6 10. d5 Ne7 11. Nd2 O-O 12. f4 exf4 13. exf4 Bf5 14. Nf3 Qd7 15. Ba4 Qc7 16. Bd2 a6 17. Be1 b5 18.
Bb3 bxc4 19. Bxc4 Be4 20. Bh4 Bxd5 21. Bd3 Ne4 22. c4 Bc6 23. f5 Nxf5 24. Bf2 Rae8 25. Qc2 Re7 26. Nd2 Rfe8 27. Rae1 Nxf2 28. Rxe7 Nxe7 29.
Rxf2 Qd7 30. Bh7+ Kf8 31. Nf1 Qe6 32. Ng3 g6 33. Re2 Qf6 34. Rf2 Qa1+ 35. Nf1 Kg7 36. Qd2 Qd4 37. Qa5 Kxh7 0-1

[Event "*** Titled Tuesday Blitz"]
[Site "Chess.com"]
[Date "2020.03.03"]
[Round "5"]
[White "johnathan113"]
[Black "Fy_Rakotomaharo"]
[Result "0-1"]
[WhiteElo "2747"]
[BlackElo "2564"]
[TimeControl "180+1"]
[EndTime "13:51:52 PST"]
[Termination "Fy_Rakotomaharo won on time"]

1. d4 Nf6 2. Nc3 d5 3. Bf4 g6 4. Qd2 c6 5. f3 Nbd7 6. e4 Qa5 7.
e5 Nh5 8. Be3 Ng7 9. g4 h5 10.
O-O-O b5 11. Kb1 b4 12. Nce2 Nb6 13. Nf4 hxg4 14. a3 e6 15. fxg4 Rb8 16. Nf3 Nc4 17.
Bxc4 dxc4 18. a4 c3 19. Qd3 b3 20. Qxc3 Qxa4 21. Rd3 Qa2+ 22. Kc1 Bb4 23. Qxb4 Rxb4 24. Kd2 Qxb2 25. Rc1 Rc4 26. Rxb3 Rxc2+ 27. Rxc2 Qxb3 28. Nd3 Ba6 29. Nc5 Qb4+ 30. Kc1 Bb5 31. Ng5 Qa3+ 32. Kd2 Rxh2+ 0-1

[Event "*** Titled Tuesday Blitz"]
[Site "Chess.com"]
[Date "2020.03.03"]
[Round "5"]
[White "arjwezhrtdrz"]
[Black "Orest_Vovk"]
[Result "0-1"]
[WhiteElo "2143"]
[BlackElo "2536"]
[TimeControl "180+1"]
[EndTime "13:51:52 PST"]
[Termination "Orest_Vovk won on time"]

1. e4 e5 2. Nf3 Nf6 3. Nc3 Nc6 4.
Bb5 Nd4 5. Nxd4 exd4 6. e5 dxc3 7.
exf6 Qxf6 8. dxc3 Bc5 9. O-O O-O 10. Bd3 d6 11. Qh5 h6 12. Bd2 Re8 13. Be3 Bb6 14. Bxb6 axb6 15. a3 Re5 16. Qd1 Bf5 17. Bxf5 Qxf5 18.
Re1 Rxe1+ 19. Qxe1 Qxc2 20. Qc1 Qxc1+ 21. Rxc1 Re8 22.
Kf1 f5 23. f4 Re4 24. g3 d5 25. Rd1 c6 26. Kf2 b5 27. Kf3 Kf7 28. h3 h5 29.
g4 hxg4+ 30. hxg4 fxg4+ 31. Kxg4 Re2 32. Rb1 Kf6 33. Kf3 Rc2 34. Ke3 Kf5 35. Kd3 Rg2 36.
Ke3 b6 37. Rh1 Rxb2 38. Rh5+ Kf6 39. Rh8 Rb3 40. Kd4 Rxa3 41. Rf8+ Ke7 42. Rg8 Ra4+ 43.
Ke5 Kf7 0-1

[Event "*** Titled Tuesday Blitz"]
[Site "Chess.com"]
[Date "2020.03.03"]
[Round "5"]
[White "Zubrrr"]
[Black "elohunter1999"]
[Result "1-0"]
[WhiteElo "2651"]
[BlackElo "2437"]
[TimeControl "180+1"]
[EndTime "13:51:53 PST"]
[Termination "Zubrrr won by resignation"]

1. c4 Nf6 2. g3 e6 3. Bg2 d5 4.
Nf3 dxc4 5. Na3 Bxa3 6. bxa3 O-O 7. Bb2 Nc6 8. Qc2 Re8 9. Qxc4 e5 10. Ng5 h6 11.
Nxf7 Na5 12. Nxh6+ Kh7 13. Qa4 c5 14. Nf7 Qc7 15.
Ng5+ Kg6 16. h4 Bf5 17. d3 Nc6 18. h5+ Kh6 19. Bc1 Qa5+ 20. Qxa5 Nxa5 21. Bd2 Nc6 22. Bxc6 bxc6 23. Nf7+ Kh7 24. Nd6 Be6 25. Nxe8 Rxe8 26. Rh4 Rb8 27. Bc3 Ng4 28. f3 Ne3 29. Kf2 Nd5 30.
Bxe5 Re8 31. Ra4 Bf7 32. f4 Bxh5 33. Rxa7 Ne7 34. Rh1 Kg6 35. e4 Rb8 36. Rxe7 Rb2+ 37. Bxb2 1-0

[Event "*** Titled Tuesday Blitz"]
[Site "Chess.com"]
[Date "2020.03.03"]
[Round "5"]
[White "MFguimaraes"]
[Black "farzadbfd"]
[Result "0-1"]
[WhiteElo "2399"]
[BlackElo "2622"]
[TimeControl "180+1"]
[EndTime "13:51:56 PST"]
[Termination "farzadbfd won by resignation"]

1. e4 c6 2. d4 d5 3. Nd2 dxe4 4. Nxe4 Bf5 5. Qf3 e6 6. Ne2 Nd7 7. c3 Ngf6 8. N2g3 Bg6 9. Bd3 Be7 10. O-O Nxe4 11. Nxe4 O-O 12. Bf4 c5 13. dxc5 Nxc5 14. Nxc5 Bxc5 15. Bxg6 hxg6 16. Rfd1 Qc8 17. Bd6 Bxd6 18.
Rxd6 Qc7 19. Rad1 Rfd8 20. Rxd8+ Rxd8 21. Rxd8+ Qxd8 22. g3 Qb6 23. b3 g5 24. Qe3 Qa5 25. a4 g4 26. Qd4 f5 27. Qd6 Kf7 28. Qd7+ Kf6 29. b4 Qd5 30. Qxd5 exd5 31. Kf1 Ke5 32. Ke2 d4 33. c4 Ke4 34. c5 Kd5 35. Kd3 a5 36. c6 bxc6 37. bxa5 c5 38. a6 Kc6 39.
a5 Kc7 40. Kc4 Kb8 41. Kxc5 d3 0-1

[Event "*** Titled Tuesday Blitz"]
[Site "Chess.com"]
[Date "2020.03.03"]
[Round "5"]
[White "chessdjw"]
[Black "ZEN-22"]
[Result "1-0"]
[WhiteElo "2629"]
[BlackElo "2406"]
[TimeControl "180+1"]
[EndTime "13:51:57 PST"]
[Termination "chessdjw won by checkmate"]

1. d4 Nf6 2. c4 b6 3. Qc2 Bb7 4. Nc3 e6 5. e4 Bb4 6. Bd3 c5 7. d5 exd5 8. exd5 O-O 9. Ne2 h6 10. O-O Re8 11. a3 Ba5 12. h3 d6 13. Bf4 a6 14.
Rab1 b5 15. b3 bxc4 16. bxc4 Bc8 17. Ng3 Bc7 18. Nf5 Bxf5 19. Bxf5 Nbd7 20. Rb7 Rb8 21. Rxb8 Qxb8 22. Rb1 Qd8 23. Qa4 g6 24. Bxd7 Qxd7 25. Qxa6 Qf5 26. Bxd6 Bxd6 27. Qxd6 Kg7 28. Qxc5 Qd3 29. Qb4 Re4 30. Nxe4 Nxe4 31. Qb2+ Kh7 32. Rc1 Nc5 33. Qf6 Kg8 34. Qc3 Qf5 35. Qe3 Qc8 36.
d6 Kh7 37. Qd4 Ne6 38. Qd5 Qd7 39. c5 Nf4 40. Qf3 Qf5 41. c6 Qe5 42. c7 Ne2+ 43.
Qxe2 Qxe2 44. c8=Q Qe5 45. d7 Qf4 46. d8=Q h5 47.
Qh8# 1-0

[Event "*** Titled Tuesday Blitz"]
[Site "Chess.com"]
[Date "2020.03.03"]
[Round "5"]
[White "Shant_Sargsyan"]
[Black "Lovkov_Roman"]
[Result "1-0"]
[WhiteElo "2991"]
[BlackElo "2687"]
[TimeControl "180+1"]
[EndTime "13:51:59 PST"]
[Termination "Shant_Sargsyan won by resignation"]

1. d4 d5 2. Nf3 e6 3. c4 c5 4. cxd5 exd5 5. g3 Nc6 6. Bg2 Nf6 7.
O-O cxd4 8. Nxd4 Be7 9. Nc3 O-O 10. Be3 Be6 11. Rc1 Qd7 12. Nxc6 bxc6 13. Na4 Bh3 14. Bc5 Rfe8 15. Qd3 Bd8 16. Bd4 Ne4 17. Nc5 Nxc5 18.
Bxc5 Bxg2 19. Kxg2 Re4 20. Rc2 Bf6 21. f3 Re6 22. Bf2 Rae8 23. e4 Qb7 24. exd5 cxd5 25.
b3 h5 26. h4 d4 27. Rd1 g6 28.
Rdd2 Qd5 29. Rc4 Rd8 30. Rc7 Qa5 31. Rcc2 g5 32. hxg5 Qxg5 33. Re2 Rde8 34. Rxe6 Rxe6 35. f4 Qg4 36. Qf3 Qf5 37. Rc8+ Kg7 38. Qa8 Qh7 39.
Qd5 Re2 40. Rc7 Qg6 41. f5 1-0

[Event "*** Titled Tuesday Blitz"]
[Site "Chess.com"]
[Date "2020.03.03"]
[Round "5"]
[White "kleopl"]
[Black "DinaBelenkaya"]
[Result "1-0"]
[WhiteElo "2475"]
[BlackElo "2285"]
[TimeControl "180+1"]
[EndTime "13:51:59 PST"]
[Termination "kleopl won on time"]

1. e4 d5 2. exd5 Qxd5 3. Nc3 Qa5 4. d4 c6 5. Nf3 Bf5 6. Ne5 Nd7 7. Nxd7 Bxd7 8. Bc4 Nf6 9. O-O e6 10. Bf4 Qf5 11. Bg3 Be7 12. Re1 O-O 13. Re5 Qg4 14. Be2 Qg6 15. Bd3 Qh6 16. Ne2 Nh5 17. c3 Bd6 18. Re4 Nxg3 19. Nxg3 f5 20. Re1 Rae8 21. Bc4 Bc7 22. Qf3 Kh8 23. Bb3 a5 24. Rad1 g5 25.
Qh5 Qg7 26. Bc2 Re7 27. Re2 Be8 28. Qh3 g4 29. Qh4 Bd8 30. Rde1 Rd7 31. Nh5 Bxh4 32.
Nxg7 Kxg7 33. Rxe6 Bg6 34. R6e5 Bg5 35. Rxa5 Bf4 36.
g3 Bd6 37. a3 Kf6 38. Ra7 Re8 39. Rxe8 Bxe8 40. Ra5 Bg6 41. Kf1 Re7 42. Ra7 f4 43. Bxg6 hxg6 44. gxf4 Bxf4 45. Kg2 1-0

[Event "*** Titled Tuesday Blitz"]
[Site "Chess.com"]
[Date "2020.03.03"]
[Round "5"]
[White "reigningmvp"]
[Black "RaphCamora"]
[Result "0-1"]
[WhiteElo "2286"]
[BlackElo "2436"]
[TimeControl "180+1"]
[EndTime "13:52:05 PST"]
[Termination "RaphCamora won by resignation"]

1. Nf3 Nf6 2. g3 d5 3. Bg2 e6 4. O-O Nbd7 5. d3 a5 6. Nbd2 a4 7. a3 c5 8. e4 Be7 9. Re1 O-O 10. e5 Ne8 11. Nf1 b5 12. h4 Bb7 13. N1h2 d4 14.
h5 Nc7 15. h6 g6 16. Ng4 Nd5 17. Nd2 Qb6 18. Ne4 Rfb8 19. Bg5 Bxg5 20. Nxg5 Qd8 21. Ne4 Qe7 22. Qd2 b4 23. Nd6 Bc6 24. Bxd5 Bxd5 25.
Qf4 bxa3 26. bxa3 Rb2 27. Rab1 Rab8 28. Rxb2 Rxb2 29. Nf6+ Nxf6 30. exf6 Qc7 31. Qc1 Qb8 32. Ne4 c4 33. Nc5 c3 34. Na6 Qc8 35. Nb4 Ba8 36. Re5 Qb7 37. Re4 Qb6 38. Re5 Qb7 39. Re4 Qb6 40. Rf4 Qd8 41. Qe1 e5 42.
Qxe5 Rb1+ 0-1

[Event "*** Titled Tuesday Blitz"]
[Site "Chess.com"]
[Date "2020.03.03"]
[Round "5"]
[White "HZMC92"]
[Black "chesstatour"]
[Result "1-0"]
[WhiteElo "2365"]
[BlackElo "2042"]
[TimeControl "180+1"]
[EndTime "13:52:05 PST"]
[Termination "HZMC92 won on time"]

1. d4 Nf6 2. c4 c5 3. e3 g6 4.
Nc3 Bg7 5. Nf3 O-O 6. Be2 cxd4 7. exd4 d5 8. c5 Nc6 9. O-O Ne4 10. Be3 Nxc5 11. dxc5 d4 12. Nxd4 Nxd4 13. Bc4 e5 14. Rc1 Be6 15. Bxe6 Nxe6 16. Nb5 a6 17. Nd6 Qe7 18. Qb3 Rab8 19. Qb6 Rfd8 20. Rfe1 Qc7 21. Qxc7 Nxc7 22. Bg5 f6 23. Be3 Ne6 24. b4 Bf8 25. Nc4 Nd4 26. f4 Bg7 27. fxe5 fxe5 28. Bg5 Rf8 29. Be7 Rf7 30. Bd6 Re8 31. Rcd1 Nf5 32. g4 Nh4 33. Rf1 Nf3+ 34. Kg2 e4 35. Ne3 1-0

[Event "*** Titled Tuesday Blitz"]
[Site "Chess.com"]
[Date "2020.03.03"]
[Round "5"]
[White "marianokar"]
[Black "Snegokhod"]
[Result "1-0"]
[WhiteElo "2392"]
[BlackElo "2579"]
[TimeControl "180+1"]
[EndTime "13:52:06 PST"]
[Termination "marianokar won by resignation"]

1. c4 Nf6 2. Nc3 d5 3. cxd5 Nxd5 4. Nf3 g6 5. g3 Bg7 6. Bg2 O-O 7. O-O Nc6 8. Qb3 Nb6 9. d3 Bg4 10. Be3 e5 11. Ne4 Rb8 12. Bg5 Qd7 13. Nf6+ Bxf6 14.
Bxf6 Bxf3 15. exf3 Nd5 16. Bg5 Kg7 17. f4 Nb6 18.
Bxc6 bxc6 19. fxe5 Nd5 20. Qc2 Qf5 21. Qd2 Qxe5 22. Bh6+ Kg8 23. Bxf8 Kxf8 24. b3 h5 25. Rfe1 Qf6 26. Rac1 Kg7 27. Re2 h4 28. Qb2 Nb4 29.
Qxf6+ Kxf6 30. a3 Nxd3 31. Rxc6+ Kg7 32. b4 h3 33. Rc3 Rd8 34. Kf1 Nxb4 35. axb4 Rd4 36. Rxc7 Rxb4 37. Rxa7 Rb1+ 38. Re1 Rb6 39. Ree7 Rf6 40. f4 Rf5 41. Kf2 g5 42. Kf3 gxf4 43.
gxf4 Kg6 44. Rxf7 Rxf7 45. Rxf7 Kxf7 46. Kg4 Kg6 47. Kxh3 1-0

[Event "*** Titled Tuesday Blitz"]
[Site "Chess.com"]
[Date "2020.03.03"]
[Round "5"]
[White "enriquetejedor"]
[Black "Art_Vandelay1980"]
[Result "1/2-1/2"]
[WhiteElo "2562"]
[BlackElo "2763"]
[TimeControl "180+1"]
[EndTime "13:52:09 PST"]
[Termination "Game drawn - insufficient material"]

1. d4 d5 2. c4 dxc4 3. e4 e5 4. Nf3 Bb4+ 5. Bd2 Bxd2+ 6. Nbxd2 exd4 7. Bxc4 Nc6 8. Nb3 Bg4 9. Nbxd4 Nxd4 10. Qxd4 Qxd4 11.
Nxd4 O-O-O 12. Nb5 c6 13. Nc3 f6 14. f3 Bh5 15. Ke2 Ne7 16. Rhd1 Kc7 17. a4 Ng6 18. Ke3 Ne5 19. Be2 Bf7 20. Rxd8 Rxd8 21. Rd1 Rxd1 22. Nxd1 Kb6 23. f4 Nc4+ 24. Kd4 c5+ 25. Kc3 Nd6 26. Bd3 Bg6 27. e5 Ne4+ 28. Bxe4 Bxe4 29. exf6 gxf6 30. g4 Kc6 31. Ne3 b6 32. g5 fxg5 33. fxg5 a6 34. h4 b5 35. axb5+ axb5 36. Ng4 Kd6 37. Nf6 Bf5 38. h5 Ke6 39. Nxh7 Bxh7 40. g6 Bxg6 41. hxg6 Kf6 42. Kd3 Kxg6 43. Ke4 c4 44. Kd5 Kf5 45.
Kc5 Ke4 46. Kxb5 Kd3 47. Kb4 Kd4 48. Kb5 Kd5 49. Ka4 Kc5 50. Ka5 Kd4 51. Kb4 Kd3 52. Kb5 Kc2 53. Kb4 Kd3 54. Kc5 c3 55. bxc3 Kxc3 1/2-1/2

[Event "*** Titled Tuesday Blitz"]
[Site "Chess.com"]
[Date "2020.03.03"]
[Round "5"]
[White "deBaller"]
[Black "Fuerza777"]
[Result "1-0"]
[WhiteElo "2358"]
[BlackElo "2201"]
[TimeControl "180+1"]
[EndTime "13:52:09 PST"]
[Termination "deBaller won by resignation"]

1. e4 e5 2. Nf3 Nc6 3. d4 exd4 4. Bc4 Nf6 5. e5 d5 6. Bb5 Ne4 7. Nxd4 Bd7 8. Bxc6 bxc6 9. O-O Bc5 10. f3 Ng5 11. f4 Ne4 12. Be3 Bb6 13. Nd2 Nxd2 14. Qxd2 c5 15. Nf3 d4 16. Bf2 Bc6 17. Bh4 Qd5 18.
f5 O-O 19. f6 Qe4 20. fxg7 Rfe8 21. Rae1 Qg6 22. Ng5 Bd5 23. Rf4 c4 24. Kh1 h6 25.
Ne4 Kxg7 26. Nf6 c3 27. bxc3 Be6 28. Nxe8+ Rxe8 29. Bf6+ Kh7 30. cxd4 Rd8 31. c3 Rd7 32. Rh4 c5 33. Bg5 h5 34. Qe2 cxd4 35. Rxh5+ Kg7 36. Bf6+ Qxf6 37. exf6+ Kxf6 38. Rh6+ Ke7 39. Rxe6+ fxe6 40. Qxe6+ Kd8 41. Qe8+ Kc7 42. Re7 Rxe7 43. Qxe7+ Kc6 44.
Qf6+ Kd5 45. cxd4 Bxd4 46. Qd8+ Ke4 47. h4 Bf2 48. h5 Kf5 49. Qf8+ 1-0

[Event "*** Titled Tuesday Blitz"]
[Site "Chess.com"]
[Date "2020.03.03"]
[Round "5"]
[White "Keaton87"]
[Black "Region_07"]
[Result "1-0"]
[WhiteElo "2634"]
[BlackElo "2398"]
[TimeControl "180+1"]
[EndTime "13:52:12 PST"]
[Termination "Keaton87 won on time"]

1. d4 f5 2. Nc3 Nf6 3. Bg5 d5 4. e3 Be6 5. Bd3 g6 6. Nge2 c6 7. Nf4 Bf7 8. h3 Nbd7 9. g4 Ne4 10. gxf5 Nxg5 11. Rg1 e5 12. fxg6 exf4 13. gxf7+ Nxf7 14. Qh5 Qf6 15. O-O-O O-O-O 16. e4 f3 17. Kb1 dxe4 18. Nxe4 Qe7 19. Rde1 Nd6 20. Ng5 Qf6 21. Ne6 Re8 22. Bc4 Nb6 23. Bb3 Nd5 24. Bxd5 cxd5 25. Qxd5 Qf5 26.
Re5 Qf7 27. Rge1 Be7 28. R1e3 Kb8 29. Rxf3 Qg6 30. a3 Rhg8 31. Rg3 Qh6 32. Rc3 Rc8 33. Nc5 Bf8 34. Re6 Qxh3 35. Rxh3 Rg1+ 36. Ka2 Nb5 37. Nd7+ Ka8 38. Qxb5 1-0

[Event "*** Titled Tuesday Blitz"]
[Site "Chess.com"]
[Date "2020.03.03"]
[Round "5"]
[White "vladimirdamjanovic"]
[Black "SCIM"]
[Result "1-0"]
[WhiteElo "2651"]
[BlackElo "2486"]
[TimeControl "180+1"]
[EndTime "13:52:14 PST"]
[Termination "vladimirdamjanovic won by resignation"]

1. e4 c5 2. Nf3 e6 3. d4 cxd4 4.
Nxd4 Nc6 5. Nc3 Qc7 6. f4 a6 7.
Be2 Bb4 8. Nxc6 bxc6 9. Qd4 Bf8 10. e5 Ne7 11. Ne4 Nf5 12. Qd3 Bb7 13. g4 d5 14.
Ng3 Nh4 15. Rg1 Bc5 16. Be3 Bxe3 17. Qxe3 c5 18. O-O-O d4 19. Qa3 O-O 20. g5 g6 21.
Bd3 c4 22. Be4 Rfd8 23. Rge1 Rac8 24. Bxb7 Qxb7 25. Ne4 d3 26. cxd3 Rxd3 27. Rxd3 cxd3+ 28. Nc3 Qg2 29. Kb1 Qc2+ 30. Ka1 d2 31. Rb1 Rxc3 32.
bxc3 Qxb1+ 33. Kxb1 d1=Q+ 34. Kb2 Qd2+ 35. Kb3 Qd5+ 36.
c4 Qd3+ 37. Kb4 Nf5 38. Qxd3 Nd4 39. Qxd4 a5+ 40. Kb5 1-0

[Event "*** Titled Tuesday Blitz"]
[Site "Chess.com"]
[Date "2020.03.03"]
[Round "5"]
[White "shanemelaughcm"]
[Black "VALPARAISO37"]
[Result "1-0"]
[WhiteElo "2292"]
[BlackElo "2401"]
[TimeControl "180+1"]
[EndTime "13:52:14 PST"]
[Termination "shanemelaughcm won by checkmate"]

1. e4 e5 2. Nf3 Nc6 3. d4 exd4 4. Bc4 Nf6 5. Ng5 Ne5 6. Qxd4 Qe7 7.
Nc3 h6 8. Nf3 Nxc4 9. Qxc4 Qc5 10. Qxc5 Bxc5 11. Bf4 d6 12. O-O a6 13. Nd5 Nxd5 14. exd5 O-O 15. Rfe1 Bf5 16. c4 Rfe8 17. b3 b5 18. cxb5 axb5 19. Be3 Ba3 20. Nd4 Bd7 21. Nc2 Bb2 22. Rab1 Rxa2 23. Nb4 Bc3 24. Nxa2 Bxe1 25. Rxe1 c5 26. dxc6 Bxc6 27. Rd1 Bd5 28. Rxd5 Ra8 29.
Rd2 Ra3 30. b4 Rb3 31. Kf1 g5 32. Ke2 f5 33. g3 Kf7 34. Rxd6 Rb2+ 35. Rd2 Rb3 36.
Bc5 h5 37. Nc1 Rc3 38. Nd3 Ke6 39. f4 g4 40. Ne5 h4 41. Kf2 h3 42. Rd6+ Ke7 43. Rd3+ Ke6 44. Rxc3 Kd5 45. Ke3 Ke6 46. Rd3 Kf6 47. Rd6+ Ke7 48. Rb6+ Kd8 49. Kd4 Kc7 50. Kd5 Kc8 51. Kd6 Kd8 52. Rb8# 1-0

[Event "*** Titled Tuesday Blitz"]
[Site "Chess.com"]
[Date "2020.03.03"]
[Round "5"]
[White "Supernotar"]
[Black "MITerryble"]
[Result "1/2-1/2"]
[WhiteElo "2799"]
[BlackElo "2917"]
[TimeControl "180+1"]
[EndTime "13:52:16 PST"]
[Termination "Game drawn by repetition"]

1. d4 e6 2. c4 Bb4+ 3. Nd2 Nf6 4. Nf3 a5 5. g3 b6 6. Bg2 Bb7 7. O-O O-O 8. Qc2 Bxd2 9. Bxd2 d6 10. a4 Be4 11.
Qc1 c5 12. Bc3 Nc6 13. Rd1 Qe7 14. b3 Rfd8 15. Qb2 d5 16. Ne5 Nxe5 17. dxe5 Ne8 18. Bxe4 dxe4 19. Qc2 Qb7 20. e3 Kf8 21. Rd2 Rxd2 22.
Qxd2 Ke7 23. Rd1 Qc6 24. Kf1 h6 25. h4 h5 26. Ke2 g6 27. Ke1 Rc8 28. Ke2 Ng7 29.
Qd6+ Ke8 30. Qxc6+ Rxc6 31. f3 exf3+ 32. Kxf3 Nf5 33.
e4 Nh6 34. Rd6 Rxd6 35. exd6 Kd7 36. e5 Ng4 37. Kf4 Kc6 38. Bd2 Kd7 39. Be1 Ke8 40. Bd2 Kd7 41. Be1 Kd8 42. Bd2 Ke8 43. Be1 Nh6 44. Bd2 Kd7 45. Bc3 Ke8 46. Bd2 Kd8 47.
Bc3 Kd7 48. Bd2 Ng4 1/2-1/2

[Event "*** Titled Tuesday Blitz"]
[Site "Chess.com"]
[Date "2020.03.03"]
[Round "5"]
[White "AlleyOoper"]
[Black "mrkvoz"]
[Result "1/2-1/2"]
[WhiteElo "2630"]
[BlackElo "2812"]
[TimeControl "180+1"]
[EndTime "13:52:16 PST"]
[Termination "Game drawn by repetition"]

1. d4 d6 2. e4 Nf6 3. Nc3 e5 4.
dxe5 dxe5 5. Qxd8+ Kxd8 6. Bc4 Ke8 7. Nf3 Bd6 8. h3 c6 9. a4 Ke7 10. Be3 Nbd7 11. a5 Bb4 12. Nd2 Bc5 13. Ke2 Bxe3 14. Kxe3 Nc5 15. Nb3 Nxb3 16. cxb3 Ne8 17. Na4 Nd6 18.
Nc5 Rb8 19. Rhd1 f6 20. Rd2 Rd8 21. Rad1 b6 22. axb6 axb6 23. Nd3 b5 24. Nb4 Bb7 25. Be2 c5 26. Nd5+ Bxd5 27. Rxd5 Rbc8 28. f4 exf4+ 29. Kxf4 c4 30. bxc4 bxc4 31. e5 g5+ 32. Kf3 fxe5 33.
Rxe5+ Kf6 34. Red5 Ke6 35. g4 c3 36. bxc3 Rxc3+ 37. Kg2 h6 38. R5d2 Re3 39. Bd3 Ke7 40. Bf5 Re5 41.
Rd5 Rxd5 42. Rxd5 Rb8 43. Rd2 Rb3 44. Re2+ Kf8 45. Re6 Rb2+ 46. Kg3 Rb3+ 47. Kg2 Nf7 48. Bg6 Rb2+ 49. Kg3 Rb3+ 50. Kg2 Rb2+ 51. Kg3 Rb3+ 52. Kg2 1/2-1/2